Map: Void Thrashing

Players

sTkmonk

  • Race: Terran Terran
  • Spawn Location: 9:00

monk

  • Race: Protoss Protoss
  • Spawn Location: 6:00

VOD

Have the link to the VOD?

Description

Time

  • Played on: Aug. 16, 2017, 12:35 a.m.
  • Length: 16:48
Show
View Real Time Build Order
Export as new Build Order

sTkmonk Terran 

Build Orders:  

Get SALT Encoding   

Show
View Real Time Build Order
Export as new Build Order

monk Protoss 

Build Orders:  

Get SALT Encoding   

  12  0:05  Probe (Chrono Boost)  
  13  0:17  Probe (Chrono Boost)  
  14  0:29  Probe (Chrono Boost)  
  15  1:11  Nexus  
  15  1:16  Pylon  
  15  1:19  Probe (Chrono Boost)  
  16  1:31  Probe (Chrono Boost)  
  16  1:36  Assimilator  
  17  1:43  Probe (Chrono Boost)  
  18  1:50  Assimilator  
  18  1:55  Probe (Chrono Boost)  
  19  2:07  Probe (Chrono Boost)  
  20  2:19  Probe (Chrono Boost)  
  20  2:26  Gateway  
  21  2:31  Probe (Chrono Boost)  
  22  2:43  Probe (Chrono Boost)  
  22  2:49  Probe (Chrono Boost)  
  23  2:55  Probe (Chrono Boost)  
  25  3:01  Probe (Chrono Boost)  
  25  3:07  Probe (Chrono Boost)  
  26  3:15  Probe (Chrono Boost)  
  26  3:19  Probe (Chrono Boost)  
  28  3:27  Probe (Chrono Boost)  
  28  3:28  Sentinel (Chrono Boost)  
  30  3:30  Probe (Chrono Boost)  
  30  3:33  Cybernetics Core  
  33  3:40  Probe  
  33  3:45  Probe  
  33  3:48  Pylon  
  34  3:56  Probe  
  34  3:57  Sentinel (Chrono Boost), Probe  
  36  4:04  Protoss Ground Weapons Level 1  
  39  4:10  Probe  
  39  4:11  Probe  
  41  4:23  Probe (Chrono Boost)  
  41  4:25  Probe (Chrono Boost)  
  43  4:31  Twilight Council  
  43  4:33  Warp Gate  
  43  4:37  Probe (Chrono Boost)  
  43  4:38  Energizer, Solar Efficiency Level 1  
  44  4:40  Forge  
  44  4:43  Reconstruction  
  44  4:47  Probe (Chrono Boost)  
  44  4:48  Pylon  
  44  4:49  Probe (Chrono Boost)  
  48  5:01  Probe (Chrono Boost)  
  48  5:06  Assimilator  
  48  5:07  Probe (Chrono Boost)  
  50  5:13  Probe (Chrono Boost)  
  50  5:19  Pylon  
  51  5:28  Probe (Chrono Boost)  
  51  5:29  Charge  
  51  5:38  Probe (Chrono Boost)  
  52  5:41  Assimilator  
  52  5:48  Probe (Chrono Boost)  
  53  5:56  Robotics Facility  
  54  6:09  Sentinel  
  56  6:10  Rapid Recharging  
  56  6:23  Probe  
  56  6:25  Protoss Ground Weapons Level 2 (Chrono Boost)  
  56  6:29  Sentinel  
  59  6:36  Pylon  
  59  6:46  Gateway  
  59  6:49  Gateway  
  59  6:53  Gateway  
  59  7:07  Gateway  
  59  7:08  Gateway  
  59  7:10  Reclamation  
  59  7:13  Immortal  
  63  7:39  Pylon  
  63  7:49  Sentinel  
  65  7:58  Immortal  
  65  8:05  Solar Efficiency Level 2  
  69  8:23  Sentinel  
  69  8:24  Sentinel  
  69  8:25  Sentinel x3  
  77  8:33  Pylon  
  77  8:47  Protoss Ground Weapons Level 3 (Chrono Boost)  
  77  8:56  Sentinel x2  
  77  8:57  Sentinel x2  
  77  8:59  Immortal  
  85  9:08  Pylon  
  89  9:21  Pylon  
  89  9:31  Energizer x2  
  93  9:40  Pylon  
  93  9:44  Sentinel x2  
  93  9:45  Energizer  
  99  9:59  Energizer  
  101  10:01  Sentinel  
  101  10:02  Pylon  
  101  10:04  Sentinel  
  101  10:06  Sentinel  
  103  10:15  Energizer, Sentinel x2  
  103  10:16  Sentinel  
  103  10:18  Sentinel  
  103  10:19  Sentinel  
  109  10:20  Sentinel x2  
  109  10:24  Sentinel  
  109  10:26  Energizer, Sentinel  
  113  10:31  Sentinel  
  113  10:34  Sentinel  
  113  10:36  Sentinel  
  113  10:38  Sentinel  
  113  10:45  Sentinel x2  
  117  10:54  Pylon  
  117  10:58  Energizer x2  
  119  11:01  Sentinel x2  
  123  11:14  Sentinel  
  123  11:27  Gateway, Immortal (Chrono Boost)  
  123  11:28  Gateway  
  123  11:31  Sentinel  
  123  11:33  Pylon  
  123  11:38  Pylon x2  
  123  11:39  Pylon  
  129  11:42  Pylon  
  129  11:43  Sentinel x3  
  133  11:52  Energizer x2  
  137  12:01  Sentinel  
  137  12:05  Energizer, Sentinel  
  139  12:16  Energizer x2  
  139  12:17  Sentinel  
  145  12:28  Sentinel  
  145  12:31  Sentinel x2  
  145  12:32  Sentinel  
  145  12:33  Sentinel x2  
  145  12:34  Sentinel x3, Observer (Chrono Boost)  
  145  12:35  Sentinel  
  145  12:36  Sentinel  
  145  12:38  Sentinel  
  145  12:39  Observer (Chrono Boost)  
  151  12:40  Sentinel  
  151  12:43  Pylon  
  151  12:44  Sentinel  
  151  12:47  Pylon  
  152  12:52  Sentinel x5  
  152  12:55  Sentinel  
  162  13:00  Sentinel  
  153  13:10  Energizer x2  
  153  13:11  Sentinel x2  
  153  13:12  Sentinel x3  
  163  13:21  Sentinel  
  163  13:22  Observer (Chrono Boost)  
  163  13:23  Sentinel  
  163  13:27  Sentinel  
  163  13:28  Sentinel  
  162  13:35  Sentinel  
  162  13:36  Sentinel x6  
  174  13:47  Sentinel  
  174  13:49  Observer (Chrono Boost)  
  167  14:25  Energizer  
  167  14:26  Energizer x3  
  167  14:28  Observer (Chrono Boost)  
  176  14:30  Sentinel x3  
  176  14:34  Sentinel  
  176  14:35  Sentinel x2  
  176  14:36  Sentinel  
  176  14:37  Sentinel x4  
  176  14:39  Sentinel x2  
  182  14:40  Sentinel  
  182  14:42  Sentinel x2  
  182  14:43  Sentinel  
  182  14:45  Sentinel x2  
  182  14:46  Pylon  
  182  14:48  Sentinel x3, Pylon x2  
  182  14:49  Sentinel x2, Pylon  
  186  14:50  Sentinel  
  186  14:52  Sentinel  
  186  14:54  Sentinel  
  186  14:55  Sentinel x6  
  186  14:56  Sentinel x3  
  186  14:58  Sentinel  
  186  14:59  Sentinel x2  
  196  15:00  Sentinel  
  196  15:02  Sentinel  
  196  15:04  Sentinel  
  196  15:06  Sentinel  
  196  15:07  Sentinel  
  184  15:23  Sentinel  
  184  15:26  Pylon  
  184  15:27  Sentinel x3  
  184  15:28  Sentinel x5  
  196  15:38  Sentinel  
  182  15:55  Pylon  
  182  16:03  Sentinel x2  
  182  16:04  Sentinel x6  
Tags
 
Commander
KaraxRaynor
Matchup
Co-op
Replay Pack
Co-op Speedrun
Add a new tag
Caveats
  • Supply blocks, unpowered buildings, or Contaminate may cause inaccurate times.
  • Supply counts are checked every 10 seconds.